 Dungeon Crawl Stone Soup version 0.31-a0-185-g9dded2c639 (webtiles) character file.

Game seed: 14991869308215836176

41 qw the Shooter (level 3, 0/20 HPs)
             Began as a Deep Elf Hunter on June 22, 2023.
             Slain by an adder (3 damage)
             ... on level 2 of the Dungeon.
             The game lasted 00:00:14 (483 turns).

qw the Shooter (Deep Elf Hunter)                     Turns: 483, Time: 00:00:15

Health: 0/20       AC:  5    Str: 10    XL:     3   Next: 32%
Magic:  5/5        EV: 11    Int: 13    God:
Gold:   15         SH:  0    Dex: 18    Spells: 2/2 levels left

rFire   . . .        Y - +1 shortbow
rCold   . . .        (shield currently unavailable)
rNeg    . . .        e - +0 ring mail
rPois   .            (no helmet)
rElec   .            (no cloak)
rCorr   .            (no gloves)
SInv    .            (no boots)
Will    .....        (no amulet)
Stlth   +            (no ring)
HPRegen 0.23/turn    (no ring)
MPRegen 0.09/turn

%: no passive effects
@: no status effects
A: no striking features
a: no special abilities


You were on level 2 of the Dungeon.
You visited 1 branch of the dungeon, and saw 2 of its levels.

You collected 15 gold pieces.


   Skills:
 - Level 1.5 Fighting
 + Level 6.9 Ranged Weapons
 - Level 2.4 Dodging
 - Level 1.2 Stealth


You had 2 spell levels left.
You didn't know any spells.
Your spell library was empty.

Inventory:

Hand Weapons
 Y - a +1 shortbow (weapon)
Armour
 e - a +0 ring mail (worn)
Potions
 d - a potion of attraction {unknown}
 j - a potion of curing {unknown}

Dungeon Overview and Level Annotations

Branches:
Dungeon (2/15)

Altars:


Message History

The adder hisses angrily.
The adder is almost dead.
You shoot an arrow. The arrow hits the adder.
You kill the adder!
An adder comes into view.
The adder moves out of view.
A gnoll comes into view. It is wielding a +0 flail.
Found a stone staircase leading up.
The gnoll shouts!
You hear a shout!
You shoot an arrow. The arrow closely misses the adder.
A gnoll comes into view. It is wielding a +0 whip.
You shoot an arrow. The arrow closely misses the adder.
You shoot an arrow. The arrow hits the adder.
The adder is lightly wounded.
A gnoll comes into view. It is wielding a +2 spear of venom.
You shoot an arrow. The arrow misses the adder.
The adder bites you.
You are poisoned.
The adder poisons you! The adder closely misses you.
You shoot an arrow. The arrow closely misses the adder.
You feel sick. The adder bites you but does no damage. The gnoll misses you.
You shoot an arrow. The arrow hits the adder.
The adder is moderately wounded.
You feel sick. The adder bites you. The gnoll barely misses you.
The adder barely misses you.
You shoot an arrow. The arrow misses the adder.
You feel sick.
You are no longer poisoned.
The gnoll hits you with a +0 whip. The gnoll completely misses you.
The adder barely misses you.
You shoot an arrow. The arrow hits the adder.
The adder is severely wounded.
The adder closely misses you. The gnoll hits you with a +0 whip.
The gnoll closely misses you. The gnoll hits you but does no damage.
The adder barely misses you.
The gnoll hits you from afar with a +2 spear of venom.
The gnoll misses you. The gnoll closely misses you.
You shoot an arrow. The arrow misses the adder.
The adder bites you.
You die...

.... #... ...##### #...#
#..#... #...# #.
#.....### # #...# #.
#...g..< #.#...# #.
#.Sgg# #.#>..#
#.####.#@# #.....
#...##.#.###.##
#....#####............#
#.[..[..##..##.#.###....
##.#<##.##..##.#.# ## #
#.##...........
#...........#.##
#.......#........
###.###.#.#####...


You could see 3 gnolls and an adder.

Vanquished Creatures
  2 adders
  A worm (D:2)
  2 dart slugs (D:1)
  A giant cockroach (D:1)
  A goblin (D:1)
  A kobold (D:1)
  3 quokkas (D:1)
  3 ball pythons (D:1)
  2 bats
  A frilled lizard (D:1)
17 creatures vanquished.

Notes
Turn   | Place    | Note
-------+----------+-------------------------------------------
     0 | D:1      | qw the Deep Elf Hunter began the quest for the Orb.
     0 | D:1      | Reached XP level 1. HP: 12/12 MP: 3/3
     0 | D:1      | 0 ||| qw: Version: 0.3-a-9-g12657ce
     0 | D:1      | 0 ||| qw: Game counter: 1748
     0 | D:1      | 0 ||| qw: Always use a shield: true
     0 | D:1      | 0 ||| qw: God list: Okawaru
     0 | D:1      | 0 ||| qw: Allow faded altars: false
     0 | D:1      | 0 ||| qw: Do Orc after D:15 true
     0 | D:1      | 0 ||| qw: Do second Lair branch before Depths: true
     0 | D:1      | 0 ||| qw: Lair rune preference: random
     0 | D:1      | 0 ||| qw: Plans: Normal
     0 | D:1      | 0 ||| PLANNING D:1-11
    72 | D:1      | Reached XP level 2. HP: 16/16 MP: 4/4
    73 | D:1      | Reached skill level 6 in Ranged Weapons
   381 | D:1      | 381 ||| UPGRADING to +0 ring mail.
   391 | D:1      | 391 ||| DROPPING +0 leather armour.
   392 | D:1      | 392 ||| DROPPING ring of flight.
   393 | D:1      | 393 ||| READING scroll labelled ZIOSEI JIGU.
   394 | D:1      | 394 ||| READING scroll labelled NIPUAFF RYEMEO.
   395 | D:1      | 395 ||| READING scroll labelled GAINYI PUTEWUPH.
   399 | D:1      | 399 ||| DROPPING scroll of butterflies.
   420 | D:2      | 420 ||| STAIRDANCE
   444 | D:2      | Reached XP level 3. HP: 20/20 MP: 5/5
   482 | D:2      | HP: 3/20 [gnoll/+2 spear of venom (4)]
   483 | D:2      | Slain by an adder

Levels and vault maps discovered:
D:1:      nzn_arrival_water_spiral, layout_rooms
D:2:      layout_loops_ring

Skill      XL: |  1  2 |
---------------+-------+-----
Ranged Weapons | 6 |  6.9
Fighting       | |  1.5
Dodging        | |  2.4
Stealth        | |  1.2

Action                     || total
---------------------------++-------
   Fire: Shortbow          ||    55
    Use: Scroll            ||     3
 Armour: Ring mail         ||     7
  Dodge: Dodged            ||    23

Table legend:
 A = Non-vault XP
 B = Vault XP
 C = Vault XP percentage of total XP
 D = Non-vault monster count
 E = Vault monster count
 F = Vault count percentage of total count
                 A         B        C        D         E       F
            +---------+---------+-------+---------+---------+-------
      Total |      59 |       0 |   0.0 |      17 |       0 |   0.0
            +---------+---------+-------+---------+---------+-------
        D:1 |      39 |       0 |   0.0 |      14 |       0 |   0.0
        D:2 |      20 |       0 |   0.0 |       3 |       0 |   0.0
            +---------+---------+-------+---------+---------+-------
